 Dungeon Crawl Stone Soup version 0.21-a0-26-g7b23a2f (webtiles) character file.

2164 theAP the Basher (level 9, -4/60 HPs)
             Began as a Gargoyle Fighter on May 25, 2017.
             Was an Initiate of Gozag.
             Slain by an orc warrior
             ... wielding a +0 glaive
              (10 damage)
             ... on level 7 of the Dungeon.
             The game lasted 00:08:55 (5053 turns).

theAP the Basher (Gargoyle Fighter)                 Turns: 5053, Time: 00:08:56

Health: -4/60      AC: 13    Str: 24    XL:     9   Next: 32%
Magic:  18/18      EV:  7    Int:  8    God:    Gozag
Gold:   432        SH: 10    Dex: 14    Spells: 8/8 levels left

rFire    . . .     SeeInvis .   a - +0 flail
rCold    . . .     Gourm    .   c - +0 shield
rNeg     + . .     Faith    .   b - +0 scale mail
rPois    ∞         Spirit   .   (no helmet)
rElec    +         Reflect  .   (no cloak)
rCorr    .         Harm     .   (no gloves)
MR       .....                  E - +0 pair of boots
Stlth    ..........             H - amulet of magic regeneration
Regen    0.2/turn               m - +5 ring of dexterity
MPRegen  0.3/turn               y - ring of magical power

@: gold aura
A: negative energy resistance 1, electricity resistance, unbreathing,
petrification resistance, rot immunity, AC +5
a: Potion Petition, Call Merchant, Bribe Branch, Renounce Religion


You were on level 7 of the Dungeon.
You worshipped Gozag.
Gozag was aware of your devotion.
You were hungry.

You visited 1 branch of the dungeon, and saw 7 of its levels.

You collected 534 gold pieces.
You paid 102 gold pieces to Gozag.

Inventory:

Hand Weapons
 a - a +0 flail (weapon)
 G - a cursed +2 dire flail
Armour
 b - a +0 scale mail (worn)
 c - a +0 shield (worn)
 E - a +0 pair of boots (worn)
Jewellery
 m - a +5 ring of dexterity (left hand)
 y - a ring of magical power (right hand)
 H - an amulet of magic regeneration (around neck)
Wands
 x - a wand of iceblast (7/15)
Scrolls
 g - 13 scrolls of identify {unknown}
 h - 5 scrolls of remove curse {unknown}
 j - 3 scrolls of magic mapping {unknown}
 n - a scroll of blinking {unknown}
 o - a scroll of noise {unknown}
 p - a scroll of immolation {unknown}
 v - a scroll of enchant weapon {unknown}
 w - 2 scrolls of fear {unknown}
 z - a scroll of teleportation {unknown}
 B - a scroll of torment {unknown}
 C - a scroll of enchant armour {unknown}
 F - 3 scrolls of recharging {unknown}
 I - a scroll of silence {unknown}
Potions
 d - a potion of magic {unknown}
 e - a potion of cancellation {unknown}
 k - 2 potions of haste {unknown}
 q - a potion of mutation {unknown}
 r - 3 potions of agility {unknown}
 s - a potion of heal wounds {unknown}
 t - 2 potions of curing {unknown}
 u - a potion of lignification {unknown}
 A - 3 potions of flight {unknown}
Books
 D - a book of Necromancy

   Spells                             Type                      Level
   a - Pain                           Necromancy                   1
   b - Animate Skeleton               Necromancy                   1
   c - Vampiric Draining              Necromancy                   3
   d - Regeneration                   Charms/Necromancy            3
   e - Animate Dead                   Necromancy                   4
   f - Control Undead                 Necromancy                   4
Comestibles
 f - 3 bread rations
 i - 3 fruits
 l - 5 meat rations


   Skills:
 + Level 8.3 Fighting
 * Level 10.0 Maces & Flails
 - Level 3.2 Armour
 - Level 3.2 Shields


You had 8 spell levels left.
You didn't know any spells.

Dungeon Overview and Level Annotations

Branches:
Dungeon (7/15)
 Temple: D:4-7

Altars:
Elyvilon
Fedhas
Gozag
Kikubaaqudgha
Nemelex Xobeh
Okawaru
Ru
Sif Muna
Trog
Uskayaw
Yredelemnul
The Shining One

Shops:
D:4 :=!*


Innate Abilities, Weirdness & Mutations

You are resistant to torment.
Your stone body is resilient. (AC +5)
You are immune to poison.
You resist negative energy. (rN+)
You are resistant to electric shocks. (rElec)
You can survive without breathing.
You are immune to petrification.
You are immune to rotting.


Message History

You hit the orc warrior.
The orc warrior is almost dead.
An orc wizard appears from thin air!
Reactivating autopickup.
You block the orc warrior's attack. The orc warrior hits you with a glaive.
* * * LOW HITPOINT WARNING * * *
Your shield and scale mail prevent you from hitting the orc warrior.
The orc warrior is almost dead.
You barely miss the orc warrior.
The orc warrior is almost dead.
You block the orc warrior's attack. x2
The orc wizard gestures wildly while chanting.
The orc wizard blinks!
You closely miss the orc warrior.
The orc warrior is almost dead.
The orc wizard is distracted by the nearby gold.
The orc warrior hits you but does no damage.
The orc warrior hits you with a glaive!
You die...
Your body crumbles into a pile of gold.

##.....##.(.#........#
#.......#...#...#######
#..._...#..............
#.......#..............
##.....##..#...........
##.[)###'##...........
##)###..o...§........
#.###oo.#...oo......
#..@ooo.#...........
#####o..#.....).....
#...#...........
#...#...........
#...#.......[...
#...#...........
#####...........
#...........
............


You could see 2 orc warriors, 2 orc wizards and 3 orcs.

Vanquished Creatures
  A water moccasin (D:6)
  3 ogres
  2 phantoms
  2 centaurs
  6 bullfrogs
  3 scorpions
  A water moccasin skeleton (D:6)
  5 wights (D:7)
  5 crimson imps
  A bullfrog zombie (D:5)
  A hound (D:4)
  Ijyb (D:4)
  An orc priest (D:7)
  An iguana (D:7)
  Terence (D:3)
  3 orc wizards
  A worker ant (D:6)
  A hound skeleton (D:5)
  A howler monkey zombie (D:6)
  A worker ant zombie (D:3)
  4 gnolls (D:4)
  6 adders
  2 oozes
  An adder zombie (D:6)
  An adder skeleton (D:6)
  2 worms (D:3)
  3 dart slugs
  7 leopard geckos
  14 orcs
  10 bats
  3 giant cockroaches
  8 goblins
  7 hobgoblins
  A jackal (D:3)
  3 quokkas (D:3)
  7 frilled lizards
  7 kobolds
  A leopard gecko skeleton (D:4)
  A quokka skeleton (D:5)
  4 rats
133 creatures vanquished.

Notes
Turn   | Place    | Note
-------+----------+-------------------------------------------
     0 | D:1      | theAP the Gargoyle Fighter began the quest for the Orb.
     0 | D:1      | Reached XP level 1. HP: 14/14 MP: 1/1
   173 | D:1      | Reached XP level 2. HP: 16/19 MP: 2/2
   560 | D:2      | Reached skill level 3 in Maces & Flails
   583 | D:2      | Reached XP level 3. HP: 23/23 MP: 3/3
  1058 | D:3      | Reached XP level 4. HP: 29/29 MP: 4/4
  1063 | D:3      | Noticed Terence
  1072 | D:3      | Killed Terence
  1072 | D:3      | Reached skill level 4 in Maces & Flails
  1244 | D:3      | Found a white marble altar of Elyvilon.
  1314 | D:3      | Reached XP level 5. HP: 29/33 MP: 5/5
  1320 | D:3      | Found a glowing golden altar of the Shining One.
  1666 | D:4      | Noticed Ijyb
  1666 | D:4      | Noticed a phantom
  1676 | D:4      | Killed Ijyb
  1684 | D:4      | Found Micwelef's Book Boutique.
  1708 | D:4      | Killed a phantom
  1708 | D:4      | Reached skill level 5 in Maces & Flails
  1708 | D:4      | Reached XP level 6. HP: 26/40 MP: 6/6
  1740 | D:4      | Found a sacrificial altar of Ru.
  1781 | D:4      | Found Mykesid's Jewellery Shop.
  1842 | D:4      | Found a sparkling altar of Nemelex Xobeh.
  1868 | D:4      | Reached skill level 5 in Fighting
  1896 | D:4      | Found Semya's Distillery.
  1999 | D:4      | Found a basalt altar of Yredelemnul.
  2091 | D:4      | Found Cupt's Assorted Antiques.
  2378 | D:5      | Entered Level 5 of the Dungeon
  2387 | D:5      | Reached skill level 6 in Maces & Flails
  2399 | D:5      | Reached XP level 7. HP: 44/44 MP: 7/7
  3172 | D:5      | Reached skill level 7 in Maces & Flails
  3207 | D:6      | Reached XP level 8. HP: 42/52 MP: 8/8
  3342 | D:6      | Reached skill level 8 in Maces & Flails
  3683 | D:6      | Found an opulent altar of Gozag.
  3683 | D:6      | Found a blossoming altar of Fedhas.
  3688 | D:6      | Found a hide-covered altar of Uskayaw.
  3692 | D:6      | Found a deep blue altar of Sif Muna.
  3694 | D:6      | Found an ancient bone altar of Kikubaaqudgha.
  3706 | D:6      | Became a worshipper of Gozag Ym Sagoz the Greedy
  4175 | D:7      | Reached skill level 9 in Maces & Flails
  4207 | D:7      | Reached XP level 9. HP: 20/58 MP: 9/9
  4425 | D:7      | Found an iron altar of Okawaru.
  4819 | D:7      | Found a bloodstained altar of Trog.
  4989 | D:7      | Reached skill level 10 in Maces & Flails
  5053 | D:7      | Slain by an orc warrior

Vault maps used:
D:1:      nicolae_arrival_washed_ashore
D:3:      marbit_many_paths, tso_metal_star, uniq_terence
D:4:      yredelemnul_altar_generic, nicolae_ru_awakened_eye,
          nemelex_xobeh_ov_fountains_minmay, serial_shops,
          kennysheep_little_box, nicolae_shop_temple_entry_statues_fountains,
          shop_fountains, nicolae_shop_stone, first_bread, uniq_ijyb
D:6:      chequers_temple_overflow_minitemple
D:7:      overflow_temple_1_default, lemuel_round_altar,
          minmay_temple_entry_enclosed_plants

Skill      XL: |  1  2  3  4  5  6  7  8  9 |
---------------+----------------------------+-----
Maces & Flails | 3 4 5 6 7 9 10 | 10.0
Fighting       | 4 5 6 7 8 |  8.3
Armour         | |  3.2
Shields        | |  3.2

Action                   |  1- 3 |  4- 6 |  7- 9 || total
-------------------------+-------+-------+-------++-------
Melee: Flail             |   143 |   190 |   381 ||   714
  Use: Potion            |       |       |     1 ||     1
  Eat: Chunk             |     1 |     4 |     5 ||    10
       Fruit             |       |       |     5 ||     5
Armor: Scale mail        |    99 |   117 |   192 ||   408
Dodge: Dodged            |    42 |    68 |   112 ||   222
Block: Shield            |    81 |    90 |   166 ||   337
